 Dungeon Crawl Stone Soup version 0.18.1-48-g4cf74bf (webtiles) character file.

63919 meme the Peltast (level 14, -1/124 HPs)
             Began as a Minotaur Fighter on July 11, 2016.
             Was the Champion of Qazlal.
             Slain by the 27-headed Lernaean hydra (6 damage)
             ... on level 4 of the Swamp on July 16, 2016.
             The game lasted 02:43:50 (16107 turns).

meme the Peltast (Minotaur Fighter)                Turns: 16107, Time: 02:43:53

Health: -1/124     AC: 29    Str: 27    XL:     14   Next: 69%
Magic:  10/13      EV: 13    Int:  5    God:    Qazlal [******]
Gold:   984        SH: 24    Dex: 11    Spells: 0 memorised, 13 levels left

rFire  + . .     SeeInvis .     U - +3 dagger (speed)
rCold  x . .     Gourm    .     P - +5 chain mail of the Slug {+Inv rC- Regen+}
rNeg   . . .     Faith    .     c - +0 shield
rPois  .         Spirit   .     X - +1 hat
rElec  .         Dismiss  .     (no cloak)
rCorr  .         Reflect  .     n - +1 pair of gloves {archery}
SustAt .         Harm     .     v - +1 pair of boots
MR     ++...     Clarity  +     H - amulet of regeneration
Stlth  ..........               I - +3 ring of protection
                                q - ring of Sinin {rF+ MR+ Slay+3 Stlth+}

@: protected from physical damage, flying, very slightly contaminated, repel
missiles, very resistant to hostile enchantments, extremely unstealthy
A: retaliatory headbutt, claws 2, horns 2, clarity, strong 1, MP-powered wands
a: Upheaval, Elemental Force, Disaster Area, Renounce Religion, Evoke
Invisibility


You were on level 4 of the Swamp.
You worshipped Qazlal.
Qazlal was exalted by your worship.
You were not hungry.

You visited 3 branches of the dungeon, and saw 21 of its levels.

You collected 1350 gold pieces.
You spent 366 gold pieces at shops.

Inventory:

Hand Weapons
 U - a +3 dagger of speed (weapon)
Armour
 c - a +0 shield (worn)
 n - a +1 pair of gloves of archery (worn)
 v - a +1 pair of boots (worn)
 P - the +5 chain mail of the Slug (worn) {+Inv rC- Regen+}
   (You found it on level 8 of the Dungeon)

   It makes you vulnerable to cold.
   It lets you turn invisible.
   It increases your rate of regeneration.
 X - a +1 hat (worn)
Jewellery
 q - the ring of Sinin (left hand) {rF+ MR+ Slay+3 Stlth+}
   (You found it on level 4 of the Lair of Beasts)

   [ring of protection from magic]

   It affects your accuracy and damage with ranged weapons and melee attacks
   (+3).
   It protects you from fire.
   It affects your resistance to hostile enchantments.
   It makes you more stealthy.
 r - an uncursed amulet of faith
 H - an amulet of regeneration (around neck)
 I - a +3 ring of protection (right hand)
 Z - an uncursed ring of protection from magic
Wands
 g - a wand of confusion (24/48)
 j - a wand of slowing (35/48)
 D - a wand of enslavement (13/24)
 Y - a wand of disintegration (8/24)
Scrolls
 i - 2 scrolls of teleportation
 k - 3 scrolls of vulnerability {unknown}
 o - 7 scrolls of remove curse
 p - 2 scrolls of enchant armour
 s - 3 scrolls of enchant weapon
 t - a scroll of fog
 y - 2 scrolls of random uselessness {unknown}
 z - 6 scrolls of identify
 G - 2 scrolls of acquirement {unknown}
 J - 2 scrolls of immolation {unknown}
 K - a scroll of silence
 Q - 5 scrolls of magic mapping
Potions
 a - 4 potions of might
 d - a potion of resistance
 e - 6 potions of curing
 h - a potion of haste
 m - a potion of beneficial mutation {unknown}
 x - 2 potions of agility
 F - a potion of brilliance {unknown}
 L - 5 potions of flight
 W - 3 potions of lignification {unknown}
Books
 E - a book of Changes

   Spells                             Type                      Level
   a - Beastly Appendage              Transmutation                1
   b - Sticks to Snakes               Transmutation                2
   c - Spider Form                    Transmutation/Poison         3
   d - Ice Form                       Ice/Transmutation            4
   e - Blade Hands                    Transmutation                5
 M - a book of Debilitation

   Spells                             Type                      Level
   a - Corona                         Hexes                        1
   b - Slow                           Hexes                        2
   c - Gell's Gravitas                Hexes/Translocation          3
   d - Inner Flame                    Hexes/Fire                   3
   e - Cause Fear                     Hexes                        4
   f - Leda's Liquefaction            Hexes/Earth                  4
Comestibles
 f - 7 bread rations
 l - 33 fruits
 u - 7 slices of pizza
 A - 3 royal jellies
 S - 3 meat rations
 V - 7 beef jerkies


   Skills:
 + Level 11.4 Fighting
 + Level 9.2 Short Blades
   Level 8.3(8.7) Axes
   Level 3.9(6.6) Maces & Flails
 + Level 11.6 Armour
 + Level 10.2 Dodging
 + Level 2.7 Stealth
 + Level 19.4 Shields
 + Level 1.2 Unarmed Combat
 + Level 0.6 Evocations


You had 13 spell levels left.
You didn't know any spells.

Dungeon Overview and Level Annotations

Branches:
Dungeon (12/15)            Temple (0/1) D:7            Lair (5/8) D:11
  Swamp (4/4) Lair:5          Orc (0/2) D:12
  Snake: Lair:3-6    Spider: Lair:3-6

Altars:
Cheibriados
Elyvilon
Pakellas
Qazlal
Sif Muna
Vehumet

Shops:
D:4 [   D:7 =

Annotations:
Lair:3 exclusion: oklob plant
Swamp:4 Lernaean hydra


Innate Abilities, Weirdness & Mutations

You reflexively headbutt those who attack you in melee.
You have a pair of horns on your head.
You have very sharp fingernails.
You possess an exceptional clarity of mind.
Your muscles are strong. (Str +2)
You expend magic power (3 MP) to strengthen your wands.


Message History

* * * LOW HITPOINT WARNING * * *
The 27-headed Lernaean hydra bites you but does no damage.
You block the 27-headed Lernaean hydra's attack.
The 27-headed Lernaean hydra bites you but does no damage.
You block the 27-headed Lernaean hydra's attack.
The 27-headed Lernaean hydra bites you but does no damage. x4
The 27-headed Lernaean hydra bites you!
* * * LOW HITPOINT WARNING * * *
You feel more protected from physical attacks.
The 27-headed Lernaean hydra bites you but does no damage.
The 27-headed Lernaean hydra bites you!
* * * LOW HITPOINT WARNING * * *
You feel more protected from physical attacks.
You block the 27-headed Lernaean hydra's attack.
The 27-headed Lernaean hydra bites you!
* * * LOW HITPOINT WARNING * * *
You feel more protected from physical attacks.
The 27-headed Lernaean hydra bites you but does no damage. x6
The 27-headed Lernaean hydra bites you.
You die...

♣ .≈≈≈.≈
..≈..≈..≈♣≈...♣♣♣♣♣♣♣ ♣♣
....♣ ♣.≈≈≈§≈♣♣♣.≈.♣ .♣
..≈♣ ♣.≈≈≈≈≈.♣♣§§.♣
≈♣♣≈.(♣
♣♣♣♣≈.≈≈≈≈§≈.≈♣♣♣
≈♣≈...♣♣♣≈≈♣♣≈.≈≈≈.≈≈♣♣
≈♣...♣ ♣.≈≈♣♣.≈≈§≈..♣♣
%.§.♣♣♣♣≈≈≈♣♣≈≈§.§♣♣♣
♣.§♣♣§..≈≈§≈♣..kDD§♣♣
.≈.♣.≈§≈≈≈.≈.≈≈.@D.§♣
≈≈..≈≈.....≈.≈.♣♣≈≈§.♣
≈≈.♣..♣♣.≈♣♣♣♣♣♣.§§≈≈≈≈♣
.≈.♣♣♣♣♣♣♣♣ ♣.≈≈.≈≈.♣
♣♣♣♣ ♣≈≈≈.≈.§♣ ♣.§.≈§♣♣♣
♣♣♣♣♣♣♣


You could see the 27-headed Lernaean hydra, a six-headed hydra, a four-headed
hydra and a swamp drake.

Vanquished Creatures
  Kirke (Swamp:4)
  2 thorn hunters (Swamp:2)
  Snorg (Lair:5)
  Josephine (D:9)
  3 hydras
  A ghost crab (Swamp:1)
  The ghost of urioxis the Basher, a novice MiBe of Trog (D:10)
  9 alligators
  A death yak (Lair:4)
  3 spriggans
  4 swamp dragons
  3 shambling mangroves
  Pikel (D:7)
  A cyclops (D:11)
  4 hill giants
  A hornet (Swamp:1)
  5 ugly things
  6 elephants (Lair:5)
  4 black mambas
  9 spiny frogs
  2 gargoyles
  A rime drake (Lair:2)
  5 komodo dragons
  3 two-headed ogres
  3 trolls
  3 polar bears (Lair:4)
  3 giant leeches
  14 slime creatures
  11 blink frogs
  3 bog bodies
  A water elemental (D:12)
  2 shadows
  4 wyverns
  14 yaks
  4 wraiths (D:9)
  A hog (Swamp:4)
  5 hippogriffs
  3 basilisks
  2 hungry ghosts
  6 insubstantial wisps (Swamp:1)
  18 vampire mosquitoes
  2 mottled dragons
  12 swamp worms
  4 water moccasins
  10 porcupines
  3 slaves (D:7)
  A sky beast (D:7)
  2 ice beasts
  3 orc warriors
  6 swamp drakes
  3 phantoms
  4 ogres
  An eye of draining (D:11)
  10 wasps
  5 centaurs
  2 big kobolds
  22 crocodiles
  Blork the orc (D:4)
  A wyvern zombie (D:9)
  19 giant frogs
  A wyvern skeleton (D:11)
  5 scorpions
  2 water moccasin skeletons
  8 wights
  2 electric eels
  A wasp zombie (D:12)
  5 crimson imps
  4 centaur zombies
  A quasit (D:12)
  7 orc priests
  2 centaur skeletons
  2 gnoll shamans
  A jelly (D:5)
  6 hounds
  Jessica (D:2)
  3 giant frog skeletons
  10 orc wizards
  Ijyb (D:2)
  13 iguanas
  7 worker ants
  A killer bee zombie (D:8)
  14 sheep (Lair:5)
  A hound skeleton (D:7)
  A howler monkey zombie (D:9)
  7 gnolls
  14 adders
  33 river rats
  3 shadow imps
  An ooze (D:4)
  2 adder skeletons
  A worm (D:3)
  2 dart slugs
  11 giant geckos
  40 orcs
  12 bats
  8 giant cockroaches
  15 hobgoblins
  11 jackals
  5 quokkas
  3 ball pythons
  A giant gecko zombie (D:7)
  8 giant newts
  5 goblins
  A jackal skeleton (D:9)
  6 kobolds
  2 quokka skeletons
  A quokka zombie (D:8)
  5 rats
  14 briar patches
  A bush (D:11)
  A butterfly (Lair:5)
  15 fungi
  11 plants
618 creatures vanquished.

Vanquished Creatures (others)
  A thorn hunter (Swamp:1)
  Fannar (D:11)
  A spriggan (Swamp:2)
  A wasp (Swamp:2)
  An orc (D:5)
  3 briar patches
  9 fungi
  4 plants
21 creatures vanquished.

Grand Total: 639 creatures vanquished

Notes
Turn   | Place    | Note
--------------------------------------------------------------
     0 | D:1      | meme the Minotaur Fighter began the quest for the Orb.
     0 | D:1      | Reached XP level 1. HP: 19/19 MP: 0/0
   140 | D:1      | Reached XP level 2. HP: 21/27 MP: 1/1
   160 | D:1      | Reached skill level 4 in Shields
   925 | D:2      | Reached XP level 3. HP: 32/33 MP: 2/2
   963 | D:2      | Noticed a fire elemental
   969 | D:2      | Found a stormy altar of Qazlal.
   971 | D:2      | Noticed an air elemental
   971 | D:2      | Noticed an earth elemental
   971 | D:2      | Noticed a water elemental
   972 | D:2      | Noticed Ijyb
   981 | D:2      | Killed Ijyb
   983 | D:2      | Became a worshipper of Qazlal Stormbringer
  1138 | D:2      | Reached skill level 1 in Dodging
  1138 | D:2      | Reached XP level 4. HP: 26/40 MP: 3/3
  1349 | D:2      | Noticed Jessica
  1359 | D:2      | Killed Jessica
  1897 | D:3      | Reached * piety under Qazlal
  1910 | D:3      | Found a deep blue altar of Sif Muna.
  1950 | D:3      | Reached XP level 5. HP: 46/46 MP: 4/4
  2203 | D:3      | Reached skill level 5 in Shields
  2337 | D:4      | Found Apnyeck's Antique Armour Shoppe.
  2347 | D:4      | Reached skill level 5 in Fighting
  2347 | D:4      | Reached XP level 6. HP: 56/56 MP: 5/5
  2353 | D:4      | Bought a pair of embroidered boots for 135 gold pieces
  2552 | D:4      | Reached skill level 5 in Armour
  2569 | D:4      | Reached ** piety under Qazlal
  2599 | D:4      | Reached XP level 7. HP: 58/61 MP: 6/6
  2721 | D:4      | Reached skill level 6 in Shields
  2740 | D:4      | Gained mutation: You possess an exceptional clarity of mind. [potion of mutation]
  2740 | D:4      | Gained mutation: Your muscles are strong. (Str +2) [potion of mutation]
  2740 | D:4      | Gained mutation: Your spells are a little harder to cast, but a little more powerful. [potion of mutation]
  2741 | D:4      | Gained mutation: You are dopey. (Int -2) [potion of mutation]
  2741 | D:4      | Lost mutation: Your spells are a little harder to cast, but a little more powerful. [potion of mutation]
  2741 | D:4      | Gained mutation: You have sharp fingernails. [potion of mutation]
  2742 | D:4      | Gained mutation: You expend magic power (3 MP) to strengthen your wands. [potion of mutation]
  2742 | D:4      | Lost mutation: You are dopey. (Int -2) [potion of mutation]
  2742 | D:4      | Gained mutation: You have very sharp fingernails. [potion of mutation]
  2897 | D:4      | Noticed Blork the orc
  2924 | D:4      | Killed Blork the orc
  2986 | D:4      | HP: 2/62 [ogre/giant club (27)]
  2993 | D:4      | Reached skill level 5 in Axes
  3320 | D:4      | Found a snail-covered altar of Cheibriados.
  3329 | D:4      | Reached XP level 8. HP: 68/70 MP: 7/7
  3524 | D:5      | Entered Level 5 of the Dungeon
  3535 | D:5      | Reached skill level 1 in Unarmed Combat
  3568 | D:5      | Reached skill level 7 in Shields
  3732 | D:5      | Reached *** piety under Qazlal
  3835 | D:5      | Found a white marble altar of Elyvilon.
  4273 | D:6      | Reached skill level 8 in Shields
  4493 | D:6      | Reached skill level 5 in Dodging
  4773 | D:7      | Reached XP level 9. HP: 79/79 MP: 8/8
  4900 | D:7      | Noticed Pikel
  4912 | D:7      | Killed Pikel
  4912 | D:7      | Reached skill level 9 in Shields
  4928 | D:7      | Found Iceguol's Jewellery Emporium.
  4931 | D:7      | Bought a +3 ring of protection for 231 gold pieces
  5038 | D:7      | Found a staircase to the Ecumenical Temple.
  5955 | D:8      | Got a slimy chain mail
  5957 | D:8      | Identified the +5 chain mail of the Slug {+Inv rC- Regen+} (You found it on level 8 of the Dungeon)
  6037 | D:8      | Reached skill level 10 in Shields
  6426 | D:8      | Reached **** piety under Qazlal
  6537 | D:8      | Reached XP level 10. HP: 76/88 MP: 9/9
  6614 | D:9      | Reached skill level 1 in Stealth
  6640 | D:9      | Reached skill level 1 in Maces & Flails
  7098 | D:9      | Reached skill level 11 in Shields
  7153 | D:9      | Found an oddly glowing altar of Pakellas.
  7443 | D:10     | Entered Level 10 of the Dungeon
  7461 | D:10     | Noticed a hill giant
  7500 | D:9      | Killed a hill giant
  7517 | D:10     | Noticed Josephine
  7626 | D:10     | Noticed urioxis's ghost (novice MiBe)
  7650 | D:9      | Killed Josephine
  7650 | D:9      | Reached skill level 12 in Shields
  7794 | D:10     | Killed urioxis's ghost
  7794 | D:10     | Reached ***** piety under Qazlal
  7794 | D:10     | Reached XP level 11. HP: 52/95 MP: 10/10
  8194 | D:11     | Reached skill level 1 in Short Blades
  8263 | D:11     | Reached skill level 13 in Shields
  8579 | D:11     | Noticed a brown ugly thing
  8616 | D:11     | Killed a brown ugly thing
  8715 | D:11     | Found a staircase to the Lair.
  9184 | D:11     | Reached skill level 14 in Shields
  9219 | D:12     | Noticed a hill giant
  9245 | D:11     | Killed a hill giant
  9274 | D:12     | Noticed a hill giant
  9297 | D:12     | Noticed a hill giant
  9299 | D:12     | Killed a hill giant
  9314 | D:12     | Killed a hill giant
  9314 | D:12     | Reached XP level 12. HP: 63/105 MP: 11/11
  9349 | D:12     | Found a staircase to the Orcish Mines.
  9888 | D:12     | Noticed Fannar
  9985 | D:11     | Reached skill level 15 in Shields
 10208 | D:11     | Killed Fannar
 10724 | Lair:1   | Entered Level 1 of the Lair of Beasts
 11105 | Lair:1   | Reached skill level 10 in Fighting
 11411 | Lair:2   | Reached skill level 10 in Armour
 11439 | Lair:2   | Reached ****** piety under Qazlal
 11867 | Lair:2   | Reached skill level 5 in Short Blades
 12098 | Lair:3   | Reached skill level 16 in Shields
 12963 | Lair:4   | Noticed a death yak
 12974 | Lair:4   | Reached XP level 13. HP: 114/114 MP: 12/12
 13283 | Lair:4   | Got a shimmering granite ring
 13414 | Lair:4   | Found a radiant altar of Vehumet.
 13798 | Lair:5   | Reached skill level 17 in Shields
 13949 | Lair:5   | Noticed Snorg
 13996 | Lair:5   | Killed Snorg
 14073 | Lair:5   | Found a staircase to the Swamp.
 14082 | Swamp:1  | Entered Level 1 of the Swamp
 14202 | Swamp:1  | Identified the ring of Sinin {rF+ MR+ Slay+3 Stlth+} (You found it on level 4 of the Lair of Beasts)
 14427 | Swamp:1  | Noticed a thorn hunter
 14452 | Swamp:1  | Killed a thorn hunter
 14579 | Swamp:1  | Reached skill level 18 in Shields
 14626 | Swamp:2  | Noticed a thorn hunter
 14650 | Swamp:2  | Killed a thorn hunter
 14826 | Swamp:2  | Noticed a thorn hunter
 14880 | Swamp:2  | Killed a thorn hunter
 14880 | Swamp:2  | Reached XP level 14. HP: 79/122 MP: 13/13
 15418 | Swamp:3  | Reached skill level 10 in Dodging
 15465 | Swamp:3  | Reached skill level 19 in Shields
 15585 | Swamp:4  | Entered Level 4 of the Swamp
 15785 | Swamp:4  | Noticed Kirke
 15804 | Swamp:4  | Noticed a sphinx
 15814 | Swamp:4  | Killed Kirke
 16071 | Swamp:4  | Noticed the 27-headed Lernaean hydra
 16107 | Swamp:4  | HP: 5/124 [the 27-headed Lernaean hydra (9)]
 16107 | Swamp:4  | Slain by the 27-headed Lernaean hydra

Skill      XL: |  1  2  3  4  5  6  7  8  9 10 11 12 13 14 |
---------------+-------------------------------------------+-----
Shields        | 4 5 6 8 10 12 14 16 18 19 | 19.4
Fighting       | 4 5 6 7 8 9 10 11 | 11.4
Armour         | 4 5 6 7 8 9 10 11 | 11.6
Dodging        | 1 2 3 4 5 7 8 9 10 | 10.2
Axes           | 3 4 5 6 8 |  8.3
Unarmed Combat | 1 |  1.2
Stealth        | 1 2 |  2.7
Maces & Flails | 3 |  3.9
Short Blades   | 3 5 7 9 |  9.2
Evocations     | |  0.6

Action                   |  1- 3 |  4- 6 |  7- 9 | 10-12 | 13-15 || total
-------------------------+-------+-------+-------+-------+-------++-------
Melee: War axe           |    96 |   140 |   256 |       |       ||   492
       Headbutt          |    11 |    32 |    95 |   367 |   370 ||   875
       Unarmed           |       |       |    70 |       |       ||    70
       Whip              |       |       |    94 |   286 |       ||   380
       Dagger            |       |       |       |  1110 |  1167 ||  2277
       Flail             |       |       |       |    22 |       ||    22
 Abil: Evoke Invisibilit |       |       |       |     2 |       ||     2
Evoke: Wand              |       |       |       |     2 |     1 ||     3
  Use: Scroll            |     2 |     5 |     3 |    10 |     9 ||    29
       Potion            |       |       |     7 |     7 |     7 ||    21
 Stab: Invisible         |       |       |       |     5 |       ||     5
       Confused          |       |       |       |       |     2 ||     2
  Eat: Chunk             |     1 |     4 |     9 |    22 |    11 ||    47
       Fruit             |       |     1 |       |       |     1 ||     2
       Meat ration       |       |       |     1 |       |       ||     1
       Royal jelly       |       |       |       |     1 |       ||     1
Armor: Scale mail        |    51 |    41 |    32 |       |       ||   124
       Chain mail        |       |       |    80 |   220 |   280 ||   580
Dodge: Dodged            |    34 |    38 |    81 |   203 |   185 ||   541
       Deflected         |       |       |       |     6 |     6 ||    12
Block: Shield            |    53 |    77 |   272 |   966 |   789 ||  2157
